 Dungeon Crawl Stone Soup version 0.14-a0-2691-g997c442 (webtiles) character file.

220 4tharraofdagon the Skirmisher (level 4, 3/36 HPs)
             Began as a Djinni Abyssal Knight on Feb 18, 2014.
             Was a Believer of Lugonu.
             Quit the game on Level 5 of the Dungeon.
             The game lasted 00:04:39 (900 turns).

4tharraofdagon the Skirmisher (DjAK)                 Turns: 900, Time: 00:04:39

HP   3/36        AC  7     Str 13      XL: 4   Next: 50%
MP   0/0         EV  8     Int 12      God: Lugonu [**....]
Gold 118         SH  0     Dex 13      Spells:  0 memorised,  3 levels left

rFire  + + +     SeeInvis .     a - +2 falchion
rCold  . . .     Clarity  .     g - +0 dwarf scale mail
rNeg   + + +     Conserve .     (no shield)
rPois  .         rCorr    .     (no helmet)
rElec  .         rRot     .     (no cloak)
SustAb . .       Spirit   .     (no gloves)
rMut   .         Warding  .     (boots unavailable)
Saprov . . .     Stasis   .     (no amulet)
MR     .....                    (no ring)
                                i - ring of ice

@: flying, not resistant to hostile enchantments, extremely unstealthy
A: fire immunity, cold vulnerability, life protection 3
a: Depart the Abyss, Bend Space, Renounce Religion


You were on level 5 of the Dungeon.
You worshipped Lugonu.
Lugonu was pleased with you.
You were not hungry.

You visited 1 branch of the dungeon, and saw 5 of its levels.
You visited the Abyss 1 time.

You collected 118 gold pieces.

Inventory:

Hand weapons
 a - a +2,+2 falchion (weapon)
Missiles
 c - 4 needles of confusion
Armour
 b - a +0 leather armour
 g - a +0 dwarven scale mail (worn)
Scrolls
 d - a scroll of identify
 e - a scroll of remove curse {unknown}
 h - a scroll of magic mapping {unknown}
Jewellery
 i - a ring of ice (left hand)


   Skills:
 + Level 3.2 Fighting
 * Level 3.2 Long Blades
 + Level 3.0 Armour
 - Level 0.8 Dodging
 + Level 2.5 Invocations


You had 3 spell levels left.
You didn't know any spells.

Dungeon Overview and Level Annotations

Branches:
Dungeon (5/16)
 Temple: D:4-7

Altars:

Annotations:
D:5 Natasha, Prince Ribbit


Innate Abilities, Weirdness & Mutations

You are immune to all types of fire, even holy and hellish.
You are vulnerable to cold.
You need no food.
You have no legs.
You are immune to negative energy.


Message History

Use on which item? (\ to view known items) (? for menu, Esc to quit)
f - a scroll of teleportation It was a scroll of identify.
Natasha claws you.
* * * LOW HITPOINT WARNING * * *
The rat zombie bites you but does no damage.
Read which item? (? for menu, Esc to quit)
As you read the scroll of teleportation, it crumbles to dust.
You feel strangely unstable. Natasha claws you but does no damage.
The rat zombie barely misses you.
Unknown command.
The rat zombie bites you.
* * * LOW HITPOINT WARNING * * *
Unknown command.
Your surroundings suddenly seem different.
A centaur comes into view.
The centaur shouts!
The centaur wields a bow.
The centaur shoots an arrow.
The arrow hits you!
* * * LOW HITPOINT WARNING * * *
Unknown command.
Are you sure you want to abandon this character and quit the game? (Confirm with "yes".)

. ..... .#
..... .# .
.# .#
########f#
.....c...#
..........#
........@.#
..........#
.........#
.........#
##########


You could see a centaur.

Vanquished Creatures
  A worker ant (D:4)
  4 adders
  A giant eyeball (D:5)
  An ooze (D:3)
  2 ball pythons (D:3)
  A giant cockroach (D:3)
  4 hobgoblins
  8 jackals (D:3)
  4 kobolds
  5 bats
  A goblin (D:1)
  A quokka (D:4)
  4 rats
37 creatures vanquished.

Notes
Turn   | Place    | Note
--------------------------------------------------------------
     0 | Abyss:1  | 4tharraofdagon, the Djinni Abyssal Knight, began the quest for the Orb.
     0 | Abyss:1  | Reached XP level 1. HP: 16/16 MP: 0/0
    48 | Abyss:1  | Noticed a raiju
    50 | D:1      | Escaped the Abyss
   125 | D:2      | Acquired Lugonu's first power
   161 | D:2      | Reached XP level 2. EP: 13/22
   343 | D:3      | Reached XP level 3. EP: 23/29
   455 | D:3      | Reached skill level 3 in Fighting
   567 | D:3      | Acquired Lugonu's second power
   568 | D:3      | Reached XP level 4. EP: 34/36
   837 | D:5      | Entered Level 5 of the Dungeon
   837 | D:5      | Noticed Prince Ribbit
   837 | D:5      | Noticed a sky beast
   888 | D:5      | Noticed Natasha
   899 | D:5      | Noticed a centaur
   900 | D:5      | Quit the game

Action                   |  1- 3 |  4- 6 || total
-------------------------+-------+-------++-------
Melee: Falchion          |   107 |    40 ||   147
Invok: Depart the Abyss  |     1 |       ||     1
  Use: Scroll            |       |     2 ||     2
       Potion            |       |     2 ||     2
